[Event "Titled Tuesday Blitz January 17 Late 2023"]
[White "Semenenko, Dmytry"]
[Black "Urazayev, Arystanbek"]
[WhiteFideId "14118645"]
[BlackFideId "13709810"]
[WhiteElo "2113"]
[BlackElo "2460"]
[Result "0-1"]
[Round "02"]
[TimeControl "180+2"]
[Date "2023.01.17"]
[WhiteClock "0:01:26"]
[BlackClock "0:01:47"]

1. Nf3 d5 2. c4 d4 3. e3 Nc6 4. b4 dxe3 5. fxe3 Nxb4 6. d4 e5 7. a3 Nc6 8. Be2 Bg4 9. d5 e4 10. dxc6 exf3 11. Bxf3 Qxd1+ 12. Bxd1 Bxd1 13. cxb7 Rd8 14. b8=Q Rxb8 15. Kxd1 Nf6 16. Nc3 Bc5 17. Kc2 O-O 18. Bd2 Ng4 19. Rhe1 Ne5 20. Na4 Be7 21. c5 Nd7 22. Bb4 a5 23. Bxa5 Ra8 24. c6 Rxa5 25. cxd7 Rxa4 26. Kb3 Ra6 27. Red1 Rd8 28. Rac1 Bd6 29. e4 f6 30. Rd5 Rxa3+ 31. Kb2 Raa8 32. Rb5 Ba3+ 33. Kb1 Bxc1 34. Kxc1 Rxd7 0-1


[Site "https://www.chess.com"]

[Event "Titled Tuesday Blitz January 17 Late 2023"]
[White "Shubin, Daniel"]
[Black "Grigorov, Grigor"]
[WhiteFideId "30936470"]
[BlackFideId "2907313"]
[WhiteElo "2231"]
[BlackElo "2510"]
[Result "1-0"]
[Round "02"]
[TimeControl "180+2"]
[Date "2023.01.17"]
[WhiteClock "0:01:08"]
[BlackClock "0:00:37"]

1. e4 c6 2. d4 d5 3. Nc3 dxe4 4. Nxe4 Nf6 5. Nxf6+ exf6 6. c3 Bd6 7. Bd3 Na6 8. Qf3 Nc7 9. Ne2 h5 10. Bf4 Nd5 11. Bxd6 Qxd6 12. O-O-O Bg4 13. Qg3 Qxg3 14. hxg3 O-O-O 15. c4 Nb4 16. f3 Nxd3+ 17. Rxd3 Bf5 18. Rd2 g5 19. Nc3 Rde8 20. d5 Kc7 21. d6+ Kd7 22. c5 Re5 23. b4 Bg6 24. Re2 Rhe8 25. Rhe1 Bd3 26. Rxe5 Rxe5 27. Rxe5 fxe5 28. Ne4 h4 29. Nxg5 hxg3 30. Nxf7 Bf1 31. Nxe5+ Ke6 32. Ng6 Kd7 33. Nf4 b6 34. Kd2 Bc4 35. a3 bxc5 36. bxc5 a5 37. Ne2 1-0


[Site "https://www.chess.com"]

[Event "Titled Tuesday Blitz January 17 Late 2023"]
[White "Iniyan, P"]
[Black "Gutkin, Ilya"]
[WhiteFideId "25002767"]
[BlackFideId "16203470"]
[WhiteElo "2525"]
[BlackElo "2273"]
[Result "1-0"]
[Round "02"]
[TimeControl "180+2"]
[Date "2023.01.17"]
[WhiteClock "0:01:00"]
[BlackClock "0:00:02"]

1. b3 e5 2. Bb2 Nc6 3. c4 Nf6 4. e3 g6 5. Nc3 Bg7 6. h4 h5 7. Nf3 O-O 8. Ng5 d5 9. cxd5 Nxd5 10. Bc4 Nb6 11. Be2 Re8 12. a3 Nd4 13. Bxh5 gxh5 14. Qxh5 Qf6 15. exd4 exd4+ 16. Nce4 Qf5 17. d3 Nd5 18. g4 Nf4 19. gxf5 Nxh5 20. Rg1 Bxf5 21. O-O-O Rad8 22. Nf3 Bg6 23. Kc2 Kh8 24. Rg5 Nf4 25. h5 Bh7 26. Rxg7 Kxg7 27. Nxd4 f6 28. Rg1+ Kf7 29. f3 Bxe4 30. fxe4 Rg8 31. Rf1 Nxh5 32. Nf3 Rg2+ 33. Kb1 Rxd3 34. Ne5+ Ke6 35. Nxd3 Ng3 36. Nf4+ 1-0


[Site "https://www.chess.com"]

[Event "Titled Tuesday Blitz January 17 Late 2023"]
[White "Oglaza, Oskar"]
[Black "Fernandez Guillen, Ernesto J."]
[WhiteFideId "1194402"]
[BlackFideId "3512428"]
[WhiteElo "2304"]
[BlackElo "2477"]
[Result "0-1"]
[Round "02"]
[TimeControl "180+2"]
[Date "2023.01.17"]
[WhiteClock "0:00:01"]
[BlackClock "0:00:05"]

1. e4 e5 2. Nf3 Nc6 3. d4 exd4 4. Nxd4 g6 5. Nc3 Bg7 6. Be3 Nge7 7. Bc4 O-O 8. h3 Ne5 9. Bb3 c5 10. Nf3 c4 11. Nxe5 cxb3 12. Nc4 d5 13. Nxd5 Nxd5 14. exd5 bxc2 15. Qxc2 Qxd5 16. O-O Bf5 17. Rfd1 Qxg2+ 18. Kxg2 Bxc2 19. Rd2 Be4+ 20. f3 Bf5 21. Nd6 Be6 22. Nxb7 Rab8 23. Nc5 Bxb2 24. Rb1 Bc3 25. Rxb8 Rxb8 26. Rc2 Be5 27. Nxe6 fxe6 28. Bxa7 Ra8 29. Bf2 g5 30. Re2 Ra5 31. a4 Kf7 32. Re4 Kf6 33. Bb6 Rd5 34. Re2 Bc3 35. Rc2 Be1 36. Rc5 Rd2+ 37. Kf1 Bg3 38. Ba5 Rf2+ 39. Kg1 Rxf3 40. Bc3+ e5 41. Kg2 Rd3 42. a5 Bf4 43. a6 Rd7 44. Kf3 Kf5 45. Rc6 h5 46. Bb4 g4+ 47. hxg4+ hxg4+ 48. Ke2 g3 49. Bc5 Rd2+ 50. Kf1 Ke4 51. a7 Ra2 52. Rb6 Be3 53. Rb4+ Kf3 54. Ra4 g2+ 55. Ke1 g1=Q# 0-1


[Site "https://www.chess.com"]

[Event "Titled Tuesday Blitz January 17 Late 2023"]
[White "Sai Krishna G V"]
[Black "Stachanczyk, Jacek"]
[WhiteFideId "5028280"]
[BlackFideId "1116657"]
[WhiteElo "2384"]
[BlackElo "2147"]
[Result "1-0"]
[Round "02"]
[TimeControl "180+2"]
[Date "2023.01.17"]
[WhiteClock "0:02:35"]
[BlackClock "0:01:37"]

1. e4 c5 2. Nf3 d6 3. d4 cxd4 4. Nxd4 Nf6 5. Nc3 Nc6 6. Bg5 e6 7. Qd2 a6 8. O-O-O Bd7 9. f3 Be7 10. g4 Rc8 11. Be3 b5 12. g5 Nh5 13. f4 Nxd4 14. Qxd4 O-O 15. Be2 Nxf4 16. Bxf4 e5 17. Bxe5 Bxg5+ 18. Kb1 dxe5 19. Qxd7 1-0


[Site "https://www.chess.com"]

[Event "Titled Tuesday Blitz January 17 Late 2023"]
[White "Arnold, Ken"]
[Black "Martinez Ramirez, Lennis"]
[WhiteFideId "2056836"]
[BlackFideId "3509079"]
[WhiteElo "2355"]
[BlackElo "2426"]
[Result "0-1"]
[Round "02"]
[TimeControl "180+2"]
[Date "2023.01.17"]
[WhiteClock "0:01:44"]
[BlackClock "0:02:08"]

1. d4 d5 2. c4 e6 3. Nf3 Nf6 4. Nc3 Bb4 5. Ne5 O-O 6. e3 Ne4 7. Qb3 Bxc3+ 8. bxc3 Qh4 9. Qc2 Nd7 10. Nxd7 Bxd7 11. Bd3 f5 12. g3 Qh3 13. Bf1 Qh6 14. Bg2 dxc4 15. O-O Bc6 16. Ba3 Rf6 17. Rae1 Qh5 18. f3 Rh6 0-1


[Site "https://www.chess.com"]

[Event "Titled Tuesday Blitz January 17 Late 2023"]
[White "Mikhailov, Viacheslav"]
[Black "Prydun, Andriy"]
[WhiteFideId "4187369"]
[BlackFideId "14145898"]
[WhiteElo "2428"]
[BlackElo "2134"]
[Result "0-1"]
[Round "02"]
[TimeControl "180+2"]
[Date "2023.01.17"]
[WhiteClock "0:00:04"]
[BlackClock "0:00:06"]

1. Nf3 Nf6 2. g3 g6 3. Bg2 Bg7 4. O-O O-O 5. c4 d6 6. Nc3 e5 7. d3 Re8 8. Bg5 h6 9. Bxf6 Bxf6 10. Rc1 c6 11. b4 Nd7 12. b5 Nf8 13. Nd2 Bd7 14. bxc6 bxc6 15. Qa4 Qc7 16. Nde4 Be7 17. Rb1 f5 18. Nd2 Ne6 19. Rb2 Nc5 20. Qc2 Rab8 21. Rfb1 Ne6 22. e3 f4 23. Nde4 fxe3 24. fxe3 d5 25. Rxb8 Rxb8 26. Rxb8+ Qxb8 27. cxd5 cxd5 28. Nxd5 Qd8 29. Bh3 Nd4 30. Qc4 Bxh3 31. Nxe7+ Kg7 32. exd4 Qxe7 33. Qc5 Qf7 34. Qxe5+ Kh7 35. Nf6+ Kg7 36. Nh5+ Kh7 37. Nf4 Bf5 38. d5 g5 39. Ne6 Bxd3 40. Qe1 Qf6 41. d6 Qb2 42. Nf8+ Kh8 43. d7 Qb6+ 44. Kg2 Qc6+ 45. Kf2 Qc5+ 46. Qe3 Qxf8+ 47. Qf3 Qc5+ 48. Qe3 Qf5+ 49. Ke1 Qxd7 50. Qe5+ Kg8 51. h4 gxh4 52. gxh4 Kf7 53. Qf4+ Qf5 54. Qxh6 Qe6+ 55. Kd2 Qxh6+ 56. Kxd3 0-1


[Site "https://www.chess.com"]

[Event "Titled Tuesday Blitz January 17 Late 2023"]
[White "Haraguchi, Diego Sashaki"]
[Black "Haydon, David L"]
[WhiteFideId "22729925"]
[BlackFideId "415405"]
[WhiteElo "2015"]
[BlackElo "2253"]
[Result "0-1"]
[Round "02"]
[TimeControl "180+2"]
[Date "2023.01.17"]
[WhiteClock "0:01:28"]
[BlackClock "0:01:46"]

1. d4 c6 2. c4 d5 3. Nc3 Nf6 4. Nf3 dxc4 5. a4 a5 6. Ne5 e6 7. Nxc4 Bb4 8. e3 Nbd7 9. Be2 O-O 10. O-O Qe7 11. Qc2 e5 12. dxe5 Nxe5 13. Rd1 Nxc4 14. Bxc4 Qe5 15. f4 Qe7 16. h3 h5 17. Qe2 Re8 18. Bd2 Bf5 19. Bd3 Bxd3 20. Qxd3 Rad8 21. Qe2 h4 22. Be1 Rxd1 23. Nxd1 Nd5 24. Bxb4 axb4 25. Kf2 Nxf4 26. Qc4 Nd5 27. Qd4 Qg5 28. e4 Qg3+ 29. Kg1 Nf4 30. Qe3 Qxg2# 0-1


[Site "https://www.chess.com"]

[Event "Titled Tuesday Blitz January 17 Late 2023"]
[White "Klose, Eli"]
[Black "Mayaud, Raphael"]
[WhiteFideId "16242955"]
[BlackFideId "627151"]
[WhiteElo "1519"]
[BlackElo "2201"]
[Result "1-0"]
[Round "02"]
[TimeControl "180+2"]
[Date "2023.01.17"]
[WhiteClock "0:01:47"]
[BlackClock "0:00:03"]

1. e4 e5 2. Nf3 d6 3. d4 Bg4 4. Nc3 Nf6 5. Bc4 Nc6 6. d5 Nd4 7. Be3 c5 8. dxc6 bxc6 9. Bxd4 exd4 10. Qxd4 Qa5 11. Qd3 O-O-O 12. O-O Qc5 13. Bxf7 d5 14. e5 Bxf3 15. Qxf3 Ne4 16. Nxe4 dxe4 17. Qxe4 g5 18. Bb3 Bg7 19. Rae1 Bxe5 20. Qxe5 Qxe5 21. Rxe5 Rdf8 22. Rxg5 Rd8 23. g3 Rhe8 24. Rg7 Re4 25. Rxa7 Rdd4 26. Rxh7 Rg4 27. Rh4 Rd2 28. Rxg4 Re2 29. Rd1 Kb7 30. Rd7+ Kb6 31. Rb4+ Ka5 32. Rb8 Ka6 33. Bc4+ 1-0


[Site "https://www.chess.com"]

[Event "Titled Tuesday Blitz January 17 Late 2023"]
[White "Olafsson, Helgi"]
[Black "Kaganskiy, Gleb"]
[WhiteFideId "2300010"]
[BlackFideId "4132025"]
[WhiteElo "2491"]
[BlackElo "2205"]
[Result "0-1"]
[Round "02"]
[TimeControl "180+2"]
[Date "2023.01.17"]
[WhiteClock "0:01:50"]
[BlackClock "0:01:18"]

1. d4 Nf6 2. Nf3 d5 3. c4 e6 4. Nc3 c5 5. cxd5 cxd4 6. Qxd4 exd5 7. Bg5 Be7 8. e3 O-O 9. Be2 Nc6 10. Qa4 Be6 11. O-O Qb6 12. Nb5 a6 13. Nbd4 Nxd4 14. Nxd4 Qxb2 15. Rab1 Qa3 16. Qxa3 Bxa3 17. Bxf6 gxf6 18. Rxb7 Rfb8 19. Rfb1 Rxb7 20. Rxb7 Rc8 21. h3 Bd6 22. Bg4 Rc1+ 0-1


[Site "https://www.chess.com"]

[Event "Titled Tuesday Blitz January 17 Late 2023"]
[White "Omelja, Artem"]
[Black "Kalajzic, Ivan"]
[WhiteFideId "14119846"]
[BlackFideId "14506378"]
[WhiteElo "2446"]
[BlackElo "2062"]
[Result "0-1"]
[Round "02"]
[TimeControl "180+2"]
[Date "2023.01.17"]
[WhiteClock "0:00:07"]
[BlackClock "0:00:26"]

1. h3 Nc6 2. b3 e5 3. Bb2 Bc5 4. c4 d6 5. Nc3 Nf6 6. e3 O-O 7. a3 a5 8. Bd3 Re8 9. Bc2 e4 10. Nge2 Bf5 11. Ng3 Bg6 12. d3 exd3 13. Bxd3 Ne5 14. Bxg6 hxg6 15. Qc2 d5 16. O-O-O c6 17. Kb1 Qe7 18. cxd5 Bxa3 19. f4 Bxb2 20. Kxb2 Ned7 21. e4 cxd5 22. exd5 Qb4 23. Rhe1 a4 24. Rxe8+ Nxe8 25. Ra1 axb3 26. Qe2 Rxa1 27. Kxa1 Qxc3+ 28. Kb1 Nef6 29. Nf1 Qc2+ 30. Qxc2 bxc2+ 31. Kxc2 Nxd5 32. g3 N7f6 33. Kd3 b5 34. Kd4 b4 35. Nd2 Kf8 36. g4 Nc3 37. Kc4 Ne2 38. Kxb4 Nxf4 39. g5 Nd7 40. h4 Ng2 41. Nf3 Ke7 42. Kc4 Ke6 43. Kd4 Kf5 44. Kd3 Kf4 45. Ke2 Ne5 46. Nd4 Nxh4 47. Kf2 Kxg5 48. Kg1 f5 49. Kh1 f4 50. Ne6+ Kf5 51. Nxg7+ Kg4 52. Ne6 Kg3 53. Nd4 g5 54. Kg1 Nhf3+ 55. Nxf3 Nxf3+ 56. Kh1 Nh4 57. Kg1 g4 58. Kh1 f3 59. Kg1 Kf4 60. Kf1 g3 61. Kg1 Nf5 62. Kh1 Kg4 63. Kg1 Kh3 64. Kf1 Ne3+ 65. Ke1 f2+ 66. Kd2 f1=Q 67. Kc3 g2 68. Kd4 g1=Q 69. Ke4 Qg4+ 70. Kxe3 Qff3+ 71. Kd2 Qgg2+ 72. Ke1 Qff1# 0-1


[Site "https://www.chess.com"]

[Event "Titled Tuesday Blitz January 17 Late 2023"]
[White "Kostiukov, Alexandr"]
[Black "Sielecki, Christof"]
[WhiteFideId "14108100"]
[BlackFideId "4620437"]
[WhiteElo "2271"]
[BlackElo "2419"]
[Result "0-1"]
[Round "02"]
[TimeControl "180+2"]
[Date "2023.01.17"]
[WhiteClock "0:01:02"]
[BlackClock "0:02:15"]

1. g3 e5 2. c4 Nc6 3. Bg2 Bc5 4. e3 d6 5. Ne2 a6 6. O-O Ba7 7. d4 h5 8. h4 g5 9. hxg5 Qxg5 10. Nbc3 h4 11. Nd5 Kd8 12. dxe5 hxg3 13. f4 Qh4 14. Re1 Qh2+ 15. Kf1 Bh3 0-1


[Site "https://www.chess.com"]

[Event "Titled Tuesday Blitz January 17 Late 2023"]
[White "Hoffmann, Asa"]
[Black "Petukhov, Dmitry"]
[WhiteFideId "2001470"]
[BlackFideId "4142748"]
[WhiteElo "2185"]
[BlackElo "2350"]
[Result "0-1"]
[Round "02"]
[TimeControl "180+2"]
[Date "2023.01.17"]
[WhiteClock "0:00:35"]
[BlackClock "0:00:30"]

1. d4 Nf6 2. Bg5 Ne4 3. Bf4 d5 4. f3 Nf6 5. e4 dxe4 6. Nc3 exf3 7. Nxf3 c6 8. Bc4 e6 9. Qe2 Bd6 10. Ne5 O-O 11. O-O-O Nd5 12. Bd2 b5 13. Bb3 a5 14. a4 Nxc3 15. Bxc3 bxa4 16. Bxa4 Bb4 17. Nxc6 Nxc6 18. Bxc6 Ba6 19. Qe4 Rb8 20. Bxb4 axb4 21. d5 exd5 22. Bxd5 Qg5+ 23. Kb1 Rfe8 24. Qf3 Qg6 25. Rhf1 Bxf1 26. Rxf1 Rf8 27. h4 Kh8 28. h5 Qa6 29. g4 h6 30. Qf5 Rb5 31. Qd3 Ra5 32. Qxa6 Rxa6 33. Rf4 Rb6 34. Ka2 Rb5 35. Bc4 Re5 36. Kb3 f5 37. gxf5 Rexf5 38. Rd4 Rxh5 39. Bd3 Rb8 40. Rxb4 Rxb4+ 41. Kxb4 Rh1 42. Kc4 g5 43. b4 g4 44. b5 g3 45. Be4 Rb1 46. c3 Rb2 47. Kc5 h5 48. b6 h4 49. b7 h3 50. Bc6 Rxb7 51. Bxb7 g2 0-1


[Site "https://www.chess.com"]

[Event "Titled Tuesday Blitz January 17 Late 2023"]
[White "Tomb, Maroun"]
[Black "Seletsky, Grigory"]
[WhiteFideId "5300398"]
[BlackFideId "14112191"]
[WhiteElo "2090"]
[BlackElo "2259"]
[Result "0-1"]
[Round "02"]
[TimeControl "180+2"]
[Date "2023.01.17"]
[WhiteClock "0:00:59"]
[BlackClock "0:00:15"]

1. e4 c5 2. Ne2 d6 3. g3 Nc6 4. Bg2 g6 5. c3 Bg7 6. d4 Qc7 7. O-O a6 8. Be3 b6 9. Nd2 Bb7 10. Rc1 Nf6 11. h3 O-O 12. f4 Rfd8 13. g4 Rac8 14. Ng3 b5 15. g5 Ne8 16. h4 cxd4 17. cxd4 Qb6 18. Nf3 Na5 19. Rxc8 Rxc8 20. b3 d5 21. e5 e6 22. Ne1 Bf8 23. Nd3 b4 24. h5 Nc6 25. Ne2 a5 26. Bf3 Ba6 27. Kg2 Ng7 28. Nc5 Bxe2 29. Bxe2 Nf5 30. Bf2 Bxc5 31. dxc5 Qc7 32. Qd3 Rd8 33. Rh1 d4 34. hxg6 fxg6 35. Bf3 Nce7 36. Qc4 Nd5 37. Bxd5 Rxd5 38. c6 d3 39. Rd1 d2 40. Qc2 Kf7 41. Kg1 Ke8 42. Rxd2 Rxd2 43. Qxd2 Qxc6 44. Qe2 Qc1+ 45. Kg2 Qxf4 46. Qb5+ Kf7 47. Qb7+ Ne7 48. Qc7 Qxg5+ 49. Kf1 Qf5 50. Qxa5 Qd3+ 51. Kg2 Qd5+ 52. Qxd5 Nxd5 53. Kf3 g5 54. Ke4 Kg6 55. Bc5 h5 56. a4 h4 57. a5 g4 58. a6 h3 59. Bg1 g3 60. Kf3 h2 61. Bxh2 gxh2 62. Kg2 Kf5 63. a7 Nc7 64. Kxh2 Kxe5 65. Kg3 Kd4 66. Kf4 e5+ 67. Kf5 e4 68. Kf6 e3 69. Ke7 e2 70. Kd7 Na8 71. Kc8 e1=Q 72. Kb7 Qe4+ 73. Kb8 Kc3 74. Kc8 Kxb3 75. Kb8 Ka4 76. Kc8 Ka5 77. Kb8 Ka6 78. Kc8 Kxa7 79. Kd8 b3 80. Kc8 b2 81. Kd8 b1=Q 82. Kc8 Qbb7+ 83. Kd8 Qee7# 0-1


[Site "https://www.chess.com"]

[Event "Titled Tuesday Blitz January 17 Late 2023"]
[White "Golubev, Mikhail"]
[Black "Rian, Kapriaga"]
[WhiteFideId "14100983"]
[BlackFideId "7103263"]
[WhiteElo "2461"]
[BlackElo "2089"]
[Result "0-1"]
[Round "02"]
[TimeControl "180+2"]
[Date "2023.01.17"]
[WhiteClock "0:00:01"]
[BlackClock "0:00:16"]

1. e4 c6 2. d4 d5 3. Nc3 dxe4 4. Nxe4 Bf5 5. Ng3 Bg6 6. c3 Nd7 7. Nh3 e5 8. dxe5 Nxe5 9. Qxd8+ Rxd8 10. Nf4 Nf6 11. Be3 b6 12. Bd4 Bd6 13. Nxg6 hxg6 14. O-O-O O-O 15. Be2 c5 16. Bxe5 Bxe5 17. Rxd8 Rxd8 18. Kc2 Bxg3 19. fxg3 Kf8 20. Rf1 Nd5 21. Rf3 Ne7 22. Bc4 f6 23. g4 g5 24. h4 gxh4 25. g5 Rd6 26. Bd3 Kg8 27. g6 f5 28. Re3 Kf8 29. Rh3 Rxg6 30. Rxh4 Rxg2+ 31. Kb3 Rg3 32. Bc4 Nc6 33. Rh8+ Ke7 34. Rc8 Kd6 35. Bg8 Rg2 36. a3 g5 0-1


[Site "https://www.chess.com"]

[Event "Titled Tuesday Blitz January 17 Late 2023"]
[White "Al-Tarboush, Ward"]
[Black "Quinones Garcia, Santiago"]
[WhiteFideId "7601450"]
[BlackFideId "4408497"]
[WhiteElo "2256"]
[BlackElo "2248"]
[Result "1-0"]
[Round "02"]
[TimeControl "180+2"]
[Date "2023.01.17"]
[WhiteClock "0:01:53"]
[BlackClock "0:01:50"]

1. e4 e5 2. Nf3 Nc6 3. Bb5 a6 4. Ba4 Nf6 5. O-O Be7 6. Qe2 b5 7. Bb3 d6 8. c3 O-O 9. Rd1 Na5 10. Bc2 c5 11. d4 Qc7 12. d5 Re8 13. b3 h6 14. h3 Bf8 15. Nbd2 g6 16. a4 Bd7 17. Bd3 c4 18. bxc4 bxa4 19. Bc2 Rec8 20. Bxa4 Nxc4 21. Bxd7 Nxd7 22. Nf1 a5 23. g4 a4 24. h4 f6 25. g5 fxg5 26. hxg5 h5 27. Nh4 Kg7 28. Ng3 Qd8 29. Nxg6 Kxg6 30. Qxh5+ Kg7 31. Nf5+ Kg8 32. Qg6+ Kh8 33. Kg2 1-0


[Site "https://www.chess.com"]

[Event "Titled Tuesday Blitz January 17 Late 2023"]
[White "Souleidis, Georgios"]
[Black "Dardha, Arben"]
[WhiteFideId "4206827"]
[BlackFideId "4700481"]
[WhiteElo "2419"]
[BlackElo "2262"]
[Result "1-0"]
[Round "02"]
[TimeControl "180+2"]
[Date "2023.01.17"]
[WhiteClock "0:01:07"]
[BlackClock "0:01:30"]

1. e4 c5 2. Nf3 Nc6 3. Bc4 e6 4. O-O d5 5. Bb5 Be7 6. Ne5 Qc7 7. Nxc6 bxc6 8. Ba4 dxe4 9. Nc3 f5 10. f3 exf3 11. Qxf3 Bd7 12. d3 Nf6 13. Bf4 e5 14. Bg5 O-O 15. Rae1 h6 16. Bd2 Bd6 17. Kh1 Rae8 18. h3 e4 19. dxe4 fxe4 20. Qe2 Bg3 21. Rd1 Kh8 22. Be3 Bd6 23. Bb3 Re5 24. Bf4 Nh5 25. Bxe5 Rxf1+ 26. Qxf1 Bxe5 27. Qf8+ Kh7 28. Qg8+ Kg6 29. Bf7+ Kg5 30. Bxh5 Kxh5 31. Qf7+ g6 32. Qxd7 1-0


[Site "https://www.chess.com"]

[Event "Titled Tuesday Blitz January 17 Late 2023"]
[White "Potapova, Margarita"]
[Black "Alfaro, William"]
[WhiteFideId "14126869"]
[BlackFideId "6100457"]
[WhiteElo "2104"]
[BlackElo "2134"]
[Result "1-0"]
[Round "02"]
[TimeControl "180+2"]
[Date "2023.01.17"]
[WhiteClock "0:00:33"]
[BlackClock "0:00:28"]

1. e4 c6 2. d4 g6 3. Nc3 Bg7 4. h3 d5 5. Nf3 dxe4 6. Nxe4 Nf6 7. Nxf6+ exf6 8. c3 O-O 9. Bc4 Re8+ 10. Be2 Qe7 11. Be3 f5 12. Qd2 Nd7 13. O-O f4 14. Bxf4 Qxe2 15. Rae1 Qe4 16. Rxe4 Rxe4 17. Re1 Nf6 18. Ng5 Rxe1+ 19. Qxe1 h6 20. Ne4 Nd5 21. Be5 f6 22. Bg3 Bd7 23. Nd6 Bf8 24. c4 Ne7 25. Bh4 g5 26. Bg3 b6 27. h4 Ng6 28. h5 Ne7 29. f4 Rd8 30. fxg5 hxg5 31. h6 Ng6 32. Qe4 f5 33. Nxf5 Re8 34. Qd3 Kh7 35. d5 Bc5+ 36. Kh2 cxd5 37. Qxd5 Bxf5 38. Qf7+ Kxh6 39. Qxe8 Ne7 40. Be5 Be6 41. Qh8+ Kg6 42. Qf6+ 1-0


[Site "https://www.chess.com"]

[Event "Titled Tuesday Blitz January 17 Late 2023"]
[White "Smith, Garrett L"]
[Black "Pasti, Aron"]
[WhiteFideId "2024829"]
[BlackFideId "785857"]
[WhiteElo "2047"]
[BlackElo "2361"]
[Result "0-1"]
[Round "02"]
[TimeControl "180+2"]
[Date "2023.01.17"]
[WhiteClock "0:01:33"]
[BlackClock "0:00:40"]

1. e4 c5 2. a3 a6 3. b4 cxb4 4. axb4 b6 5. Nc3 Bb7 6. Nf3 d6 7. Bc4 Nf6 8. d3 Nbd7 9. Bg5 g6 10. O-O Bg7 11. Rb1 O-O 12. Re1 b5 13. Bb3 h6 14. Bh4 Rc8 15. Qd2 Rxc3 16. Qxc3 Nxe4 17. Bxe7 Nxc3 18. Bxd8 Rxd8 19. Rbc1 Bxf3 20. gxf3 Ne5 21. Kg2 d5 22. f4 Nc6 23. Kg3 Bf6 24. h3 Nxb4 25. Re3 d4 26. Ree1 a5 27. f5 g5 0-1


[Site "https://www.chess.com"]

[Event "Titled Tuesday Blitz January 17 Late 2023"]
[White "Culum, Sanjin"]
[Black "Gerbelli Neto, Eduardo"]
[WhiteFideId "14420937"]
[BlackFideId "2103281"]
[WhiteElo "2242"]
[BlackElo "2114"]
[Result "0-1"]
[Round "02"]
[TimeControl "180+2"]
[Date "2023.01.17"]
[WhiteClock "0:00:16"]
[BlackClock "0:00:24"]

1. Nf3 Nf6 2. b3 d5 3. Bb2 e6 4. e3 c5 5. c4 Be7 6. cxd5 exd5 7. d4 O-O 8. Bd3 Nc6 9. O-O Bg4 10. Nbd2 cxd4 11. exd4 Bb4 12. h3 Bh5 13. g4 Bg6 14. Bxg6 fxg6 15. Ne5 Bxd2 16. Qxd2 Ne4 17. Qe3 Rc8 18. Rac1 Nxe5 19. dxe5 Rxc1 20. Rxc1 Rxf2 21. Rd1 Qf8 22. e6 Rxb2 23. Rxd5 Rb1+ 24. Kh2 Rf1 25. Rd7 Qb8+ 26. Kg2 Rf2+ 27. Qxf2 Nxf2 28. e7 Qe8 29. Rd8 Kf7 30. Rxe8 Kxe8 31. Kxf2 Kxe7 32. Ke3 Kd6 33. Kd4 g5 34. b4 b5 35. a3 g6 36. Ke4 h5 37. gxh5 gxh5 38. Kf5 g4 39. hxg4 hxg4 40. Kxg4 Kd5 41. Kf3 Kc4 42. Ke3 Kb3 43. Kd4 Kxa3 44. Kc3 a6 45. Kc2 Kxb4 46. Kb2 a5 47. Ka2 a4 48. Kb2 a3+ 49. Ka2 Ka4 50. Kb1 b4 51. Ka1 b3 52. Kb1 Kb4 53. Ka1 Kc3 54. Kb1 b2 55. Ka2 Kc2 56. Kxa3 b1=Q 57. Ka4 Qb6 58. Ka3 Qa5# 0-1


[Site "https://www.chess.com"]

[Event "Titled Tuesday Blitz January 17 Late 2023"]
[White "Rios Escobar, Adan"]
[Black "Sukandar, Irine Kharisma"]
[WhiteFideId "3403645"]
[BlackFideId "7101937"]
[WhiteElo "2234"]
[BlackElo "2390"]
[Result "0-1"]
[Round "02"]
[TimeControl "180+2"]
[Date "2023.01.17"]
[WhiteClock "0:00:02"]
[BlackClock "0:00:25"]

1. d4 Nf6 2. g3 c5 3. d5 g6 4. c4 Bg7 5. Nc3 O-O 6. Bg2 d6 7. Nf3 e5 8. e4 Bg4 9. O-O Qd7 10. Qc2 Na6 11. a3 Nc7 12. Rb1 b5 13. cxb5 Nxb5 14. Nxb5 Qxb5 15. h3 Bd7 16. Re1 Rab8 17. Bf1 Qa4 18. Bd3 Qxc2 19. Bxc2 Bxh3 20. b4 Rfc8 21. Ba4 Bg4 22. Nd2 c4 23. Bc6 Bd7 24. b5 c3 25. Nc4 Bxc6 26. dxc6 Nxe4 27. Rxe4 d5 28. Rxe5 dxc4 29. Rc5 c2 30. Rb4 Rd8 31. c7 Rd1+ 32. Kg2 Rc8 33. Bf4 c1=Q 34. Bxc1 Rxc1 35. Rbxc4 Rxc4 36. Rxc4 Be5 37. a4 Rxc7 38. Re4 Bc3 39. Re8+ Kg7 40. Rb8 Ba5 41. Kf3 Bb6 42. Kg2 Rc2 43. Kg1 Bxf2+ 44. Kf1 Bb6 45. g4 Ra2 46. a5 Rxa5 47. Rb7 Rxb5 48. g5 Rxg5 49. Ke2 Rd5 50. Kf3 h5 51. Kg2 h4 52. Kh1 h3 53. Kh2 Rd3 54. Kh1 g5 55. Kh2 g4 56. Kh1 Bc5 57. Kh2 Bd6+ 58. Kg1 Rd1+ 59. Kf2 h2 60. Ke2 h1=Q 61. Rxf7+ Kxf7 62. Ke3 Qf3# 0-1


[Site "https://www.chess.com"]

[Event "Titled Tuesday Blitz January 17 Late 2023"]
[White "Pein, Jonathan"]
[Black "Almagro Mazariegos, Sebastian"]
[WhiteFideId "417092"]
[BlackFideId "2221640"]
[WhiteElo "2265"]
[BlackElo "2280"]
[Result "1-0"]
[Round "02"]
[TimeControl "180+2"]
[Date "2023.01.17"]
[WhiteClock "0:01:22"]
[BlackClock "0:00:13"]

1. e4 c5 2. Ne2 Nf6 3. e5 Nd5 4. Nbc3 Nxc3 5. bxc3 Nc6 6. d4 d5 7. g3 Bg4 8. Bg2 e6 9. O-O Bxe2 10. Qxe2 Qa5 11. Rb1 Rb8 12. dxc5 Qxc5 13. Be3 Qxc3 14. Qb5 a6 15. Qb6 Qa5 16. c4 Qxb6 17. Rxb6 Be7 18. cxd5 exd5 19. Bxd5 O-O 20. Bxc6 bxc6 21. Rxc6 Rb5 22. Rxa6 Rxe5 23. a4 Bc5 24. Ra5 Bd6 25. Rxe5 Bxe5 26. a5 Ra8 27. Rb1 h6 28. Rb5 Bc3 29. Bb6 Re8 30. Rb3 Re1+ 31. Kg2 Be5 32. Ra3 Bd6 33. Ra2 Rb1 34. a6 1-0


[Site "https://www.chess.com"]

[Event "Titled Tuesday Blitz January 17 Late 2023"]
[White "Benmesbah, Natacha"]
[Black "Ladan, Nicholas"]
[WhiteFideId "642002"]
[BlackFideId "30918855"]
[WhiteElo "2261"]
[BlackElo "2228"]
[Result "0-1"]
[Round "02"]
[TimeControl "180+2"]
[Date "2023.01.17"]
[WhiteClock "0:00:01"]
[BlackClock "0:00:21"]

1. e4 e5 2. Nf3 Nc6 3. Bc4 Nf6 4. Ng5 d5 5. exd5 Na5 6. Bb5+ c6 7. dxc6 bxc6 8. Be2 h6 9. Nh3 Bd6 10. d4 Bxh3 11. gxh3 O-O 12. dxe5 Bxe5 13. Qxd8 Raxd8 14. c3 Rfe8 15. Be3 Nd5 16. Bxa7 Nf4 17. Be3 Nxe2 18. Kxe2 Nc4 19. Re1 Nxe3 20. fxe3 Bxh2 21. Nd2 Rd5 22. a4 Rh5 23. a5 Rxh3 24. Nc4 Bf4 25. Kd2 Rh2+ 26. Re2 Rxe2+ 27. Kxe2 Bb8 28. a6 Ba7 29. Rd1 Re7 30. Rd3 h5 31. Na5 Rc7 32. Rd6 h4 33. Nxc6 Bc5 34. Rd8+ Kh7 35. Nd4 g5 36. b4 Be7 37. Rb8 h3 38. Kf2 g4 39. Rb7 Rxb7 40. axb7 Bd6 41. Nf5 Bb8 42. c4 Kg6 43. Ng3 Kg5 44. b5 h2 45. Nh1 g3+ 46. Kg2 Kf5 47. c5 Ke6 48. c6 Kd5 49. e4+ Kc5 50. Kf3 Kxb5 51. e5 Kxc6 52. Nxg3 Bxe5 53. Nh1 Kxb7 0-1


[Site "https://www.chess.com"]

[Event "Titled Tuesday Blitz January 17 Late 2023"]
[White "Kokoszczynski, Jan"]
[Black "Kovacs, Klara"]
[WhiteFideId "1174460"]
[BlackFideId "733210"]
[WhiteElo "2247"]
[BlackElo "2121"]
[Result "0-1"]
[Round "02"]
[TimeControl "180+2"]
[Date "2023.01.17"]
[WhiteClock "0:00:04"]
[BlackClock "0:00:15"]

1. Nf3 d5 2. c4 c6 3. g3 Bg4 4. Bg2 Nd7 5. O-O Ngf6 6. d4 e6 7. cxd5 cxd5 8. Nc3 Be7 9. Bf4 O-O 10. h3 Bxf3 11. Bxf3 Rc8 12. e4 dxe4 13. Nxe4 Nxe4 14. Bxe4 Qb6 15. Qd3 Nf6 16. Bg2 Rfd8 17. Rfd1 Nd5 18. Be3 Bf6 19. Rd2 Nxe3 20. fxe3 Bg5 21. Rf1 Qc7 22. Kh2 h5 23. Qe4 h4 24. Rf3 Kh8 25. Qg4 f6 26. Re2 e5 27. gxh4 exd4+ 28. Kh1 Bh6 29. Qg6 Qe5 30. Rf5 Rc1+ 31. Bf1 Qe4+ 32. Rg2 dxe3 33. Rxf6 Qxg6 34. Rfxg6 Rxf1+ 35. Kh2 Bf4+ 36. R2g3 e2 37. Re6 0-1


[Site "https://www.chess.com"]